 Dungeon Crawl Stone Soup version 0.32-a0-699-g1ee5eff69a (webtiles) character file.

Game seed: 9473592118241739256

33 BeKind the Chiller (level 3, 0/21 HPs)
             Began as an Octopode Ice Elementalist on Mar 13, 2024.
             Slain by a gnoll
             ... wielding a +0 club
              (6 damage)
             ... on level 2 of the Dungeon.
             The game lasted 00:01:02 (1022 turns).

BeKind the Chiller (Octopode Ice Elementalist)      Turns: 1022, Time: 00:01:05

Health: 0/21       AC:  1    Str:  7    XL:     3   Next: 29%
Magic:  2/2        EV: 12    Int: 19    God:
Gold:   32         SH:  0    Dex: 12    Spells: 6/7 levels left

rFire   . . .        g - +0 short sword (antimagic)
rCold   + . .        (no shield)
rNeg    . . .        (helmet restricted)
rPois   .            (no amulet)
rElec   .            d - ring of protection from cold
rCorr   .            (no ring)
SInv    .            (no ring)
Will    .....        (no ring)
Stlth   +++          (no ring)
HPRegen 0.23/turn    (no ring)
MPRegen 0.08/turn    (no ring)
                     (no ring)

%: no passive effects
@: no status effects
A: almost no armour, amphibious, 8 rings, camouflage 1, gelatinous body 1,
(nimble swimmer 1), tentacles
a: no special abilities


You were on level 2 of the Dungeon.
You visited 1 branch of the dungeon, and saw 2 of its levels.

You collected 32 gold pieces.

Inventory:

Hand Weapons
 b - a +0 dagger
 g - a +0 antimagic short sword (weapon)
Jewellery
 d - a ring of protection from cold (left tentacle)
 f - an amulet of faith
Scrolls
 c - a scroll of fog {unknown}
 e - a scroll of identify {unknown}
 h - a scroll of enchant weapon {unknown}
 i - a scroll of enchant armour {unknown}
 j - a scroll of noise {unknown}
Potions
 a - a potion of magic


   Skills:
 + Level 2.6 Dodging
 - Level 2.7 Stealth
 + Level 2.5 Spellcasting
 + Level 4.3 Ice Magic


You had 6 spell levels left.
You knew the following spells:

 Your Spells              Type           Power      Damage    Failure   Level
a - Freeze                Ice            72%        1d8       2%          1

Your spell library contained the following spells:

 Spells                   Type           Power      Damage    Failure   Level
 Frozen Ramparts          Ice            36%        1d6       9%          3
 Ozocubu's Armour         Ice            18%        N/A       9%          3
 Summon Ice Beast         Ice/Summ       10%        N/A       21%         3


Dungeon Overview and Level Annotations

Branches:
Dungeon (2/15)

Altars:


Innate Abilities, Weirdness & Mutations

You cannot wear most types of armour.
You are amphibious.
You can wear up to eight rings at the same time.
Your skin changes colour to match your surroundings (Stealth+).
Your rubbery body absorbs attacks. (AC +1, EV +1)
((You are camouflaged when in or above water. (Stealth+)))
You have tentacles for arms and can constrict up to eight enemies at once.


Message History

An endoplasm comes into view.
An endoplasm is nearby!
The helpless endoplasm fails to defend itself.
You hit the endoplasm.
The endoplasm is heavily wounded.
The endoplasm barely misses you.
You hit the endoplasm but do no damage.
The endoplasm is heavily wounded.
The endoplasm freezes you.
You are frozen.
You resist.
You hit the endoplasm but do no damage. You squeeze the endoplasm.
The endoplasm is almost dead.
The endoplasm freezes you.
You are frozen.
You resist.
An endoplasm is nearby!
You hit the endoplasm.
You kill the endoplasm!
A gnoll comes into view. It is wielding a +0 club.
Found 9 gold pieces.
The gnoll shouts!
A gnoll comes into view. It is wielding a +0 whip.
A gnoll and a ribbon worm come into view.
The gnoll is wielding a +0 spear and quivering a throwing net.
The gnoll shouts!
Found a plate armour.
A quokka comes into view.
You hit the gnoll but do no damage. You grab the gnoll.
You constrict the gnoll. The gnoll closely misses you.
You hit the gnoll but do no damage.
The gnoll is moderately wounded.
You constrict the gnoll.
The gnoll hits you from afar with a +0 spear!
The gnoll closely misses you.
You hit the gnoll.
The gnoll is heavily wounded.
You constrict the gnoll.
The gnoll hits you from afar with a +0 spear!
* * * LOW HITPOINT WARNING * * *
The gnoll hits you with a +0 club.
You die...

#...# #...# #.#.## ##.#.#
#####.##.###.##.#
......###...###.# ####..#
##### #.#
#..#########.###
#..#...........##
####.)#.#########..#####.
................@.g......
..........##.#.gPPP....##
####.#....##....gw.$PP.#
#.####.####...P.rPP.# #.
.# #.P.......# #. .#
#.P.....P.# #. .#
#.P......... #.
#.[PP.P...##


You could see a ribbon worm, 3 gnolls and a quokka.

Vanquished Creatures
  5 endoplasms
  2 giant cockroaches (D:1)
  3 hobgoblins
  A quokka (D:2)
  5 bats (D:1)
  A frilled lizard (D:2)
  2 goblins (D:2)
  8 kobolds
  5 rats
32 creatures vanquished.

Notes
Turn   | Place    | Note
-------+----------+-------------------------------------------
     0 | D:1      | BeKind the Octopode Ice Elementalist began the quest for
                  | the Orb.
     0 | D:1      | Reached XP level 1. HP: 11/11 MP: 3/3
   104 | D:1      | Reached XP level 2. HP: 17/17 MP: 5/5
   779 | D:1      | Reached XP level 3. HP: 21/21 MP: 2/6
  1022 | D:2      | Slain by a gnoll

Illustrated notes

Levels and vault maps discovered:
D:1:      kennysheep_arrival_forest, layout_loops_corners
D:2:      layout_loops_ring, dilly_ecumenical_altar_fadedgnrine,
          nicolae_grassy_gnolls

Action                     || total
---------------------------++-------
  Melee: Dagger            ||    23
         Constrict         ||    17
         Tentacles         ||     9
         Unarmed           ||     1
         Short sword       ||    29
   Stab: Sleeping          ||    16
 Armour: Skin              ||    14
  Dodge: Dodged            ||    20

Table legend: (Time is in decaauts)
 A = Elapsed time spent in this place.
 B = Non-inter-level travel time spent in this place.
 C = Inter-level travel time spent in this place.
 D = Time resting spent in this place.
 E = Time spent auto-exploring this place.
 F = Levels seen in this place.
 G = Mean time per level.
                   A        B        C        D        E       F      G
               +--------+--------+--------+--------+--------+-----+--------+
         Total |   1020 |    972 |     48 |      0 |    761 |   2 |  510.0 |
       Dungeon |   1020 |    972 |     48 |      0 |    761 |   2 |  510.0 |
               +--------+--------+--------+--------+--------+-----+--------+

Top non-repeatable levels by time:
     D:1: 855 daAuts
     D:2: 164 daAuts
